 Dungeon Crawl Stone Soup version 0.30.1-1-g62c8e00024 (webtiles) character file.

Game seed: 5000079012905218518

1231 Ijustatesigmund the Digger (level 8, -9/46 HPs)
             Began as a Gargoyle Earth Elementalist on July 14, 2023.
             Was a Follower of Vehumet.
             Killed from afar by Maggie (12 damage)
             ... with a bolt of fire
             ... on level 6 of the Dungeon.
             The game lasted 00:11:48 (5561 turns).

Ijustatesigmund the Digger (GrEE)                   Turns: 5561, Time: 00:11:49

Health: -9/46      AC:  8    Str: 12    XL:     8   Next: 48%
Magic:  1/16       EV: 11    Int: 18    God:    Vehumet [*.....]
Gold:   109        SH:  0    Dex: 10    Spells: 13/17 levels left

rFire   . . .        c - +0 flail
rCold   . . .        (no shield)
rNeg    + . .        a - +1 robe
rPois   ∞            (no helmet)
rElec   +            (no cloak)
rCorr   .            (no gloves)
SInv    .            (no boots)
Will    .....        (no amulet)
Stlth   ++           (no ring)
HPRegen 0.27/turn    (no ring)
MPRegen 0.15/turn

%: no passive effects
@: mesmerised
A: sickness immunity, AC +5, negative energy resistance 1, electricity
resistance, torment resistance 1, petrification resistance
a: Renounce Religion


You were on level 6 of the Dungeon.
You worshipped Vehumet.
Vehumet was aware of your devotion.
You visited 2 branches of the dungeon, and saw 7 of its levels.

You collected 361 gold pieces.
You spent 252 gold pieces at shops.

Inventory:

Hand Weapons
 c - a +0 flail (weapon)
Armour
 a - a +1 robe (worn)
Wands
 k - a wand of mindburst (23)
Scrolls
 d - a scroll of immolation
 n - a scroll of identify
 o - 3 scrolls of poison
Potions
 b - a potion of magic
 e - 2 potions of ambrosia
 f - 3 potions of curing
 g - 3 potions of attraction
 h - a potion of flight
 i - a potion of heal wounds
 l - 3 potions of haste
 p - a potion of degeneration {unknown}
 t - 2 potions of cancellation
 u - a potion of resistance {unknown}


   Skills:
 - Level 3.0 Fighting
 - Level 2.3 Maces & Flails
 - Level 1.5 Dodging
 - Level 2.1 Stealth
 + Level 5.3 Spellcasting
 + Level 4.8 Conjurations
 - Level 0.7 Transmutations
 + Level 7.5 Earth Magic


You had 13 spell levels left.
You knew the following spells:

 Your Spells              Type           Power      Damage    Failure   Level
a - Sandblast             Erth           64%        2d14      1%          1
b - Stone Arrow           Conj/Erth      54%        3d10      3%          3

Your spell library contained the following spells:

 Spells                   Type           Power      Damage    Failure   Level
 Freeze                   Ice            16%        1d4       13%         1
 Passwall                 Tmut/Erth      15%        N/A       3%          2
 Petrify                  Tmut/Erth      19%        N/A       24%         4
 Portal Projectile        Hex/Tloc       8%         N/A       36%         3
 Tukima's Dance           Hex            4%         N/A       36%         3
 Blade Hands              Tmut           3%         N/A       95%         5


Dungeon Overview and Level Annotations

Branches:
Dungeon (6/15)             Temple (1/1) D:4

Altars:
Ashenzari
Elyvilon
Hepliaklqana
Kikubaaqudgha
Okawaru
Qazlal
Ru
Sif Muna
Uskayaw
Vehumet
Wu Jian
Xom
Zin
The Shining One

Shops:
D:2 !   D:5 ?

Annotations:
D:6 Maggie


Innate Abilities, Weirdness & Mutations

You are immune to sickness and miasma.
Your stone body is resilient. (AC +5)
You are immune to poison.
You resist negative energy. (rN+)
You are resistant to electric shocks. (rElec)
You are resistant to unholy torment.
You are immune to petrification.


Message History

Maggie is almost dead.
Maggie casts a spell.
Maggie draws you further into her thrall.
Casting: Sandblast (safe; 1% risk of failure)
Confirm with . or Enter, or press ? or * to list all spells.
Aiming: Sandblast (safe; 1% risk of failure)
Press: ? - help, Shift-Dir - straight line, f/p - Maggie
Aim: Maggie, wielding a +0 scimitar and wearing +2 swamp dragon scales (almost dead, mesmerising, 86% to hit)
The blast of sand hits Maggie but does no damage.
Maggie is almost dead.
Maggie hits you but does no damage. Maggie closely misses you.
Casting: Sandblast (safe; 1% risk of failure)
Confirm with . or Enter, or press ? or * to list all spells.
Aiming: Sandblast (safe; 1% risk of failure)
Press: ? - help, Shift-Dir - straight line, f/p - Maggie
Aim: Maggie, wielding a +0 scimitar and wearing +2 swamp dragon scales (almost dead, mesmerising, 86% to hit)
The blast of sand hits Maggie but does no damage.
Maggie is almost dead.
Maggie says, "If you die in the Dungeon, but nobody's around to see it, does it really matter?"
Maggie casts a spell.
Maggie draws you further into her thrall.
You hit Maggie.
Maggie is almost dead.
Maggie closely misses you. Maggie hits you with a +0 scimitar.
You hit Maggie but do no damage.
Maggie is almost dead.
Maggie hits you with a +0 scimitar.
You closely miss Maggie.
Maggie is almost dead.
Maggie closely misses you.
You hit Maggie but do no damage.
Maggie is almost dead.
Maggie closely misses you.
You barely miss Maggie.
Maggie is almost dead.
Maggie hits you with a +0 scimitar!
* * * LOW HITPOINT WARNING * * *
Maggie casts a spell at you. The bolt of fire hits you!
You die...

#..........# #.........#..
#.........@.. #...§§§......
#####§###########. #§#...<.......
#§#.##.###.... #§#.#.........
#@#.#.@#...... #.#.#.@#)##...
#...#......... .....# .#
#...#..####..###.#... .#
#...#...)....#....... .#
#................##.# .# ##
#..>...........#.##.#.# ....#
#.#.##.........#.##.#.#
.#.##########.##.#######.#.##.#.#


You could see Maggie (mesmerising).

Vanquished Creatures
  Grinder (D:3)
  Sigmund (D:6)
  3 ogres
  A centaur (D:5)
  A kobold brigand (D:6)
  A scorpion (D:5)
  A howler monkey (D:6)
  A hound (D:5)
  A sleepcap (D:5)
  A jelly (D:6)
  2 iguanas (D:5)
  2 orc wizards
  3 gnolls (D:5)
  6 adders
  2 white imps (D:6)
  A worm (D:3)
  5 dart slugs
  2 orcs
  4 bats
  3 endoplasms
  A giant cockroach (D:3)
  6 goblins
  9 kobolds
  5 quokkas
  6 ball pythons
  A frilled lizard (D:1)
  4 rats
74 creatures vanquished.

Vanquished Creatures (collateral kills)
  A sleepcap (D:5)
  An adder (D:5)
2 creatures vanquished.

Grand Total: 76 creatures vanquished

Notes
Turn   | Place    | Note
-------+----------+-------------------------------------------
     0 | D:1      | Ijustatesigmund the Gargoyle Earth Elementalist began the
                  | quest for the Orb.
     0 | D:1      | Reached XP level 1. HP: 10/10 MP: 3/3
   350 | D:1      | Reached XP level 2. HP: 16/16 MP: 3/5
   644 | D:1      | Reached skill level 1 in Fighting
   880 | D:2      | Found Kuxiecir's Distillery.
   908 | D:2      | Bought a potion of heal wounds for 60 gold pieces
   931 | D:2      | Reached skill level 4 in Earth Magic
  1117 | D:2      | Reached XP level 3. HP: 20/20 MP: 2/6
  1198 | D:2      | Noticed an ogre
  1482 | D:3      | Noticed Grinder
  1498 | D:3      | Killed Grinder
  1499 | D:3      | Reached skill level 5 in Earth Magic
  1499 | D:3      | Reached XP level 4. HP: 23/28 MP: 4/8
  1499 | D:3      | Reached XP level 5. HP: 26/32 MP: 4/9
  1499 | D:3      | Reached XP level 6. HP: 30/37 MP: 4/10
  1504 | D:3      | Learned a level 3 spell: Stone Arrow
  1926 | D:4      | Found an iron altar of Okawaru.
  2117 | D:4      | Found a staircase to the Ecumenical Temple.
  2168 | Temple   | Entered the Ecumenical Temple
  2174 | Temple   | Became a worshipper of Vehumet
  2348 | D:5      | Entered Level 5 of the Dungeon
  2406 | D:5      | Reached skill level 1 in Conjurations
  2914 | D:5      | Found Hayxtel's Magic Scroll Boutique.
  2921 | D:5      | Bought a scroll of identify for 22 gold pieces
  2921 | D:5      | Bought a scroll of identify for 22 gold pieces
  2921 | D:5      | Bought a scroll of identify for 22 gold pieces
  2921 | D:5      | Bought a scroll of poison for 44 gold pieces
  2921 | D:5      | Bought a scroll of blinking for 82 gold pieces
  2936 | D:5      | Reached XP level 7. HP: 34/41 MP: 7/12
  3025 | D:5      | Reached skill level 6 in Earth Magic
  3900 | D:6      | Noticed Sigmund
  4356 | D:2      | Reached XP level 8. HP: 46/46 MP: 5/15
  4469 | D:2      | Found a faded altar of an unknown god.
  5127 | D:5      | Reached skill level 7 in Earth Magic
  5260 | D:5      | Reached skill level 5 in Spellcasting
  5517 | D:6      | Killed Sigmund
  5523 | D:6      | Reached * piety under Vehumet
  5523 | D:6      | Offered knowledge of Freeze by Vehumet.
  5525 | D:6      | Noticed Maggie
  5561 | D:6      | Killed from afar by Maggie

Illustrated notes

Levels and vault maps discovered:
D:1:      minmay_arrival_nine_rooms, layout_basic
D:2:      layout_rooms, ebering_ecumenical_altar_sacrificial, serial_shops,
          nicolae_shop_industrial_runoff, serial_park_tiny_1,
          hangedman_decor_points, minmay_distorted
D:3:      layout_rooms, uniq_grinder
D:4:      layout_cave_pods, mainiacjoe_overflow_catwalk,
          minmay_temple_entry_statues_pillars, lemuel_flame_loot_1
D:5:      layout_gridville, serial_shops, nicolae_shop_just_a_little_nook,
          nrook_campfire, hex_medium
D:6:      layout_basic, uniq_maggie, uniq_menkaure, uniq_sigmund
Temple:   nicolae_temple_x_marks_the_god

Skill      XL: |  1  2  3  4  5  6  7  8 |
---------------+-------------------------+-----
Fighting       | 1 3 |  3.0
Earth Magic    | 4 5 6 7 |  7.5
Maces & Flails | 2 |  2.3
Spellcasting   | 3 4 5 |  5.3
Conjurations   | 2 3 4 |  4.8
Dodging        | |  1.5
Stealth        | |  2.1
Transmutations | |  0.7

Action                     |  1- 3 |  4- 6 |  7- 9 || total
---------------------------+-------+-------+-------++-------
  Melee: Hand axe          |     1 |       |       ||     1
         Mace              |     8 |       |       ||     8
         Flail             |       |    16 |    33 ||    49
         Punch             |       |     1 |     1 ||     2
   Cast: Sandblast         |    40 |    26 |    39 ||   105
         Stone Arrow       |       |     3 |    16 ||    19
  Evoke: Wand              |       |       |     1 ||     1
    Use: Scroll            |     2 |    14 |     4 ||    20
         Potion            |     1 |       |     4 ||     5
 Armour: Robe              |     6 |    13 |    28 ||    47
  Dodge: Dodged            |    13 |    22 |    42 ||    77
